 Dungeon Crawl Stone Soup version 0.31-a0-149-g3fdcc5976a (webtiles) character file.

Game seed: 5676914205442231495

64 IdlyInterested the Trooper (level 3, -2/30 HPs)
             Began as a Demonspawn Fighter on June 7, 2023.
             Slain by a gnoll
             ... wielding a +0 spear
              (6 damage)
             ... on level 2 of the Dungeon.
             The game lasted 00:04:14 (1358 turns).

IdlyInterested the Trooper (Demonspawn Fighter)     Turns: 1358, Time: 00:04:15

Health: -2/30      AC:  6    Str: 24    XL:     3   Next: 91%
Magic:  3/3        EV: 10    Int:  9    God:
Gold:   110        SH:  0    Dex: 12    Spells: 2/2 levels left

rFire   . . .        a - +0 war axe
rCold   . . .        (no shield)
rNeg    . . .        b - +0 scale mail
rPois   .            (no helmet)
rElec   .            (no cloak)
rCorr   .            (no gloves)
SInv    .            (no boots)
Will    .....        (no amulet) Stlth
                     g - +6 ring of strength
HPRegen 0.25/turn    (no ring)
MPRegen 0.08/turn

%: no passive effects
@: no status effects
A: demonic touch 1
a: no special abilities


You were on level 2 of the Dungeon.
You visited 1 branch of the dungeon, and saw 2 of its levels.

You collected 110 gold pieces.

Inventory:

Hand Weapons
 a - a +0 war axe (weapon)
Missiles
 i - 25 stones
Armour
 b - a +0 scale mail (worn)
 c - a +0 buckler
Jewellery
 g - a +6 ring of strength (left hand)
Scrolls
 e - a scroll of vulnerability {unknown}
 j - a scroll of magic mapping {unknown}
 l - a scroll of fear {unknown}
 n - a scroll of enchant weapon {unknown}
 o - a scroll of teleportation
Potions
 d - a potion of might
 f - a potion of ambrosia
 h - a potion of attraction
 k - a potion of berserk rage
 m - a potion of mutation
 p - a potion of invisibility {unknown}
 q - a potion of haste {unknown}


   Skills:
 + Level 3.8 Fighting
 - Level 2.0 Axes
 - Level 3.0 Armour
 - Level 1.0 Dodging
 - Level 1.0 Stealth
 - Level 2.6 Shields
 - Level 1.0 Unarmed Combat
 * Level 0.0 Spellcasting


You had 2 spell levels left.
You didn't know any spells.
Your spell library was empty.

Dungeon Overview and Level Annotations

Branches:
Dungeon (2/15)

Altars:

Shops:
D:1 :


Innate Abilities, Weirdness & Mutations

Your touch may inflict minor irresistible damage on your foes.


Message History

You are frozen.
You hit the endoplasm.
You touch the endoplasm.
You kill the endoplasm!
HP restored.
A frilled lizard comes into view.
The frilled lizard bites you but does no damage.
You barely miss the frilled lizard.
The frilled lizard bites you but does no damage.
You miss the frilled lizard.
You touch the frilled lizard.
You kill the frilled lizard!
q - a bubbling puce potion A hobgoblin comes into view.
The hobgoblin shouts!
A gnoll comes into view. It is wielding a +0 whip.
The gnoll shouts!
You hear a shout!
The hobgoblin hits you.
You barely miss the hobgoblin.
You touch the hobgoblin.
You kill the hobgoblin!
You slash the gnoll!
You kill the gnoll!
Training target 1.0 for Stealth reached!
Your Stealth skill increases to level 1!
Things that are here:
a +0 whip; a gnoll corpse; a hobgoblin corpse A gnoll comes into view.
It is wielding a +0 spear.
The gnoll shouts!
You hear a shout!
Unknown command.
The gnoll hits you from afar with a +0 spear.
A gnoll comes into view. It is wielding a +0 halberd.
A gnoll comes into view. It is wielding a +0 spear.
The gnoll shouts!
The gnoll hits you with a +0 spear. The gnoll barely misses you.
You closely miss the gnoll.
You touch the gnoll!
The gnoll is severely wounded.
The gnoll hits you with a +0 spear.
The gnoll hits you from afar with a +0 halberd!
The gnoll hits you from afar with a +0 halberd.
* * * LOW HITPOINT WARNING * * *
The gnoll hits you with a +0 spear.
You die...

#######..###.####
#........# #.#
#.######.# #.#
#.# #.# #†# #.#
#.# #.# #)# #.#
... #.# #.# ..#
###.######.##..#
#.@...........##
#g#.######. ..
#g#.# #g#.# #.#.#
#.#.# #.#.# #. .#


You could see 3 gnolls.

Vanquished Creatures
  A gnoll (D:2)
  An adder (D:2)
  A worm (D:2)
  2 dart slugs
  5 endoplasms
  2 giant cockroaches
  2 goblins (D:1)
  4 hobgoblins
  A jackal (D:1)
  4 kobolds (D:1)
  A quokka (D:1)
  4 ball pythons
  5 bats (D:1)
  2 frilled lizards
  3 rats
38 creatures vanquished.

Notes
Turn   | Place    | Note
-------+----------+-------------------------------------------
     0 | D:1      | IdlyInterested the Demonspawn Fighter began the quest for
                  | the Orb.
     0 | D:1      | Reached XP level 1. HP: 18/18 MP: 1/1
   158 | D:1      | Gained mutation: Your touch may inflict minor irresistible
                  | damage on your foes. [demonic ancestry]
   158 | D:1      | Reached XP level 2. HP: 24/24 MP: 2/2
   433 | D:1      | Found Koniokh's Book Shoppe.
   628 | D:1      | Reached skill level 1 in Unarmed Combat
   684 | D:1      | Reached XP level 3. HP: 26/29 MP: 3/3
  1070 | D:2      | Reached skill level 1 in Dodging
  1349 | D:2      | Reached skill level 1 in Stealth
  1358 | D:2      | Slain by a gnoll

Illustrated notes

Levels and vault maps discovered:
D:1:      arrival_zaba_pyramid, layout_loops_ring, serial_shops,
          nicolae_book_shop_shelving, grunt_decor_junction, st_stairs_14,
          minmay_split_cup_small
D:2:      layout_loops_ring, basic_altar, uniq_terence

Skill      XL: |  1  2  3 |
---------------+----------+-----
Axes           | 2 |  2.0
Armour         | 3 |  3.0
Unarmed Combat | 1 |  1.0
Dodging        | 1 |  1.0
Stealth        | 1 |  1.0
Fighting       | |  3.8
Shields        | |  2.6

Action                     || total
---------------------------++-------
  Melee: War axe           ||    84
         Touch             ||    13
         Punch             ||     1
    Use: Scroll            ||     4
         Potion            ||     1
 Armour: Scale mail        ||    45
  Dodge: Dodged            ||    45
  Block: Buckler           ||     8

Table legend: (Time is in decaauts)
 A = Elapsed time spent in this place.
 B = Non-inter-level travel time spent in this place.
 C = Inter-level travel time spent in this place.
 D = Time resting spent in this place.
 E = Time spent auto-exploring this place.
 F = Levels seen in this place.
 G = Mean time per level.
                   A        B        C        D        E       F      G
               +--------+--------+--------+--------+--------+-----+--------+
         Total |   1400 |   1200 |    200 |    110 |    716 |   2 |  700.0 |
       Dungeon |   1400 |   1200 |    200 |    110 |    716 |   2 |  700.0 |
               +--------+--------+--------+--------+--------+-----+--------+

Top non-repeatable levels by time:
     D:1: 980 daAuts
     D:2: 419 daAuts
